 Dungeon Crawl Stone Soup version 0.26.0-16-gc1dbca0489 (webtiles) character file.

Game seed: 9443825772631988414

205 kaeus the Sneak (level 5, -1/55 HPs)
             Began as an Octopode Berserker on Jan 20, 2021.
             Was a Believer of Trog.
             Killed by divine providence
             ... invoked by an orc priest
              (12 damage)
             ... on level 3 of the Dungeon.
             The game lasted 00:05:02 (2346 turns).

kaeus the Sneak (Octopode Berserker)                Turns: 2346, Time: 00:05:02

Health: -1/55      AC:  1    Str: 16    XL:     5   Next: 83%
Magic:  5/5        EV: 14    Int: 10    God:    Trog [**....]
Gold:   139        SH:  0    Dex: 12    Spells: 4/4 levels left

rFire    . . .     SeeInvis .   a - +0 short sword
rCold    . . .     Faith    .   (no shield)
rNeg     + + .     Spirit   .   (helmet restricted)
rPois    .         Reflect  .   p - amulet of regeneration
rElec    .         Harm     .   c - ring of positive energy
rCorr    .         Rampage  .   i - ring of positive energy
Will     .....                  (no ring)
Stlth    ..........             (no ring)
HPRegen  0.58/turn              (no ring)
MPRegen  0.09/turn              (no ring)
                                (no ring)
                                (no ring)

@: berserking, very quick
A: almost no armour, stealthy swim, amphibious, 8 rings, constrict 8, camouflage
1, gelatinous body 1
a: Renounce Religion, Berserk, Trog's Hand


You were on level 3 of the Dungeon.
You worshipped Trog.
Trog was pleased with you.
You visited 1 branch of the dungeon, and saw 3 of its levels.

You collected 139 gold pieces.

Inventory:

Hand Weapons
 a - a +0 short sword (weapon)
Jewellery
 c - a ring of positive energy (left tentacle)
 i - a ring of positive energy (right tentacle)
 n - an uncursed amulet of faith
 p - an amulet of regeneration (around mantle)
Wands
 l - a wand of digging (4)
Scrolls
 b - 2 scrolls of amnesia {unknown}
 e - 9 scrolls of identify {unknown}
 h - a scroll of fog {unknown}
 j - a scroll of noise {unknown}
 q - a scroll of remove curse {unknown}
Potions
 d - 3 potions of heal wounds {unknown}
 f - a potion of might {unknown}
 g - a potion of degeneration {unknown}
 k - a potion of invisibility {unknown}
 m - a potion of flight {unknown}
 o - a potion of attraction {unknown}


   Skills:
 + Level 3.8 Fighting
 + Level 3.9 Short Blades
 + Level 3.9 Dodging
 * Level 4.6 Stealth


You had 4 spell levels left.
You didn't know any spells.
Your spell library was empty.

Dungeon Overview and Level Annotations

Branches:
Dungeon (3/15)

Altars:
Elyvilon
Kikubaaqudgha
Makhleb
Okawaru
Vehumet
Yredelemnul
The Shining One


Innate Abilities, Weirdness & Mutations

You cannot wear most types of armour.
You are very stealthy in the water. (Stealth+)
You are amphibious.
You can wear up to eight rings at the same time.
You can use your tentacles to constrict eight enemies at once.
Your skin changes colour to match your surroundings (Stealth+).
Your rubbery body absorbs attacks. (AC +1, EV +1)


Message History

The orc wizard seems to speed up.
A red film seems to cover your vision as you go berserk!
You feel yourself moving faster!
You feel mighty!
You puncture the orc!
You kill the orc!
Trog accepts your kill.
The orc priest calls down the wrath of Beogh upon you.
Beogh smites you!
* * * LOW HITPOINT WARNING * * *
You closely miss the orc wizard. You grab the orc wizard.
You constrict the orc wizard.
The orc wizard hits you with a +0 dagger.
* * * LOW HITPOINT WARNING * * *
You puncture the orc wizard!
You kill the orc wizard!
Trog accepts your kill.
Trog appreciates your killing of a magic user.
The orc priest calls down the wrath of Beogh upon you.
Beogh smites you!
You die...

#### ....### #
....... .#
.......###.#
###
)..........#
#_#
...........#
#.# ...?..oo#
###.###
....###)#
#.....# . #@#
#.....# ####.#
#.....# #....#
#.....# #....#
#.....#
.#######....#
#..[..#
.......'....#
#.....#
..######....#
#.....#
##'#.######.###
#...#..# #.#
#######


You could see an orc priest and an orc.

Vanquished Creatures
  3 orc wizards (D:3)
  Crazy Yiuf (D:2)
  Terence (D:2)
  3 adders (D:2)
  A worm (D:2)
  3 dart slugs
  A leopard gecko (D:1)
  2 orcs (D:3)
  4 giant cockroaches
  2 gnoll zombies (D:3)
  6 goblins
  7 hobgoblins
  3 jackals (D:2)
  7 kobolds
  A ball python (D:2)
  7 bats
  2 frilled lizards
  12 rats
66 creatures vanquished.

Notes
Turn   | Place    | Note
-------+----------+-------------------------------------------
     0 | D:1      | kaeus the Octopode Berserker began the quest for the Orb.
     0 | D:1      | Reached XP level 1. HP: 16/16 MP: 1/1
   201 | D:1      | Reached skill level 1 in Stealth
   268 | D:1      | Reached XP level 2. HP: 21/21 MP: 2/2
   504 | D:1      | Reached skill level 2 in Stealth
   656 | D:2      | Reached XP level 3. HP: 26/26 MP: 3/3
   813 | D:2      | Reached ** piety under Trog
  1059 | D:2      | Noticed Terence
  1069 | D:2      | Killed Terence
  1070 | D:2      | Reached skill level 3 in Stealth
  1070 | D:2      | Reached XP level 4. HP: 31/31 MP: 4/4
  1164 | D:2      | Found a glowing golden altar of the Shining One.
  1230 | D:2      | Found a white marble altar of Elyvilon.
  1250 | D:2      | Found an iron altar of Okawaru.
  1414 | D:2      | Found a burning altar of Makhleb.
  1414 | D:2      | Noticed a blizzard demon
  1428 | D:2      | Found a runed translucent door.
  1433 | D:2      | Noticed Crazy Yiuf
  1442 | D:2      | Killed Crazy Yiuf
  1568 | D:2      | Reached XP level 5. HP: 36/36 MP: 5/5
  1759 | D:2      | Found an ancient bone altar of Kikubaaqudgha.
  1766 | D:2      | Reached skill level 4 in Stealth
  1942 | D:3      | Found a radiant altar of Vehumet.
  2298 | D:3      | Found a basalt altar of Yredelemnul.
  2346 | D:3      | Killed from afar by an orc priest

Illustrated notes

Levels and vault maps discovered:
D:1:      shiori_shiawase, layout_rooms, st_stairs_8
D:2:      layout_loops_ring, elyvilon_altar_5, lemuel_crystal_altar,
          lemuel_round_altar, nicolae_overflow_crystal_walls,
          makhleb_altar_promises_db, grunt_ministairs_14, uniq_terence,
          uniq_crazy_yiuf_cottage
D:3:      layout_basic, lemuel_zombie_altar_yredelemnul, lemuel_crystal_altar

Skill      XL: |  1  2  3  4  5 |
---------------+----------------+-----
Stealth        | 1 2 3 4 |  4.6
Fighting       | |  3.8
Short Blades   | |  3.9
Dodging        | |  3.9

Action                   |  1- 3 |  4- 6 || total
-------------------------+-------+-------++-------
Melee: Short sword       |    60 |    70 ||   130
       Tentacles         |     8 |    14 ||    22
       Constrict         |    11 |    21 ||    32
Invok: Berserk           |     1 |     2 ||     3
 Stab: Sleeping          |    13 |     8 ||    21
Armor: Skin              |     5 |     4 ||     9
Dodge: Dodged            |    28 |    36 ||    64
